TOP OF THE 1ST |
San Antonio Missions batting - Pitching for Arkansas Travelers : RHP Donald Brazell
|
Pitching: RHP Donald Brazell
|
|
Batting: RHB Amos Lewis
|
0-0: Ground out 6-3 (Groundball, 6, EV 86.9 MPH)
|
Batting: RHB Ivan Calderon
|
0-0: Called Strike 0-1: Ball 1-1: Foul Ball, location: 2F 1-2: Foul Ball, location: 2F 1-2: Ball 2-2: Foul Ball, location: 2F 2-2: Strikes out swinging
|
Batting: RHB Ed Hearn
|
0-0: Ball 1-0: Ball 2-0: Ball 3-0: Called Strike 3-1: Foul Ball, location: 2F 3-2: Foul Ball, location: 2F 3-2: Fly out, F4 (Popup, 4D, EV 71.9 MPH)
|
Top of the 1st over - 0 runs, 0 hits, 0 errors, 0 left on base; San Antonio 0 - Arkansas 0 |
BOTTOM OF THE 1ST |
Arkansas Travelers batting - Pitching for San Antonio Missions : RHP Gordon Crane
|
Pitching: RHP Gordon Crane
|
|
Batting: RHB Randy Milligan
|
0-0: Called Strike 0-1: Swinging Strike 0-2: Ball 1-2: Strikes out looking
|
Batting: RHB Denny Gonzalez
|
0-0: Called Strike 0-1: Foul Ball, location: 2F 0-2: Ball 1-2: Foul Ball, location: 2F 1-2: Ball 2-2: Reached on error, E7 (Flyball, 7, EV 89.4 MPH)
|
Batting: SHB Bobby Bonilla
|
0-0: Swinging Strike 0-1: Ball 1-1: Foul Ball, location: 2F 1-2: Foul Ball, location: 2F 1-2: Ball 2-2: DOUBLE (Flyball, 8LXD, EV 95.0 MPH) Denny Gonzalez to third
|
Batting: LHB Phil Stephenson
|
0-0: Called Strike 0-1: Ball 1-1: SINGLE (Groundball, 34D, EV 104.4 MPH) Denny Gonzalez scores Bobby Bonilla to third Runner from 3rd tries for Home, SAFE, throw by RF to home
|
Batting: LHB Dave Magadan
|
0-0: Fly out, F7 (Flyball, 78D, EV 96.9 MPH)
|
Batting: RHB Michael Strawberry
|
0-0: Ball 1-0: Ball Wild Pitch! Phil Stephenson to second 2-0: Fly out, F9 (Flyball, 9D, EV 86.9 MPH)
|
Bottom of the 1st over - 2 runs, 2 hits, 1 error, 1 left on base; San Antonio 0 - Arkansas 2 |
TOP OF THE 2ND |
San Antonio Missions batting - Pitching for Arkansas Travelers : RHP Donald Brazell
|
Batting: RHB Larry Hamilton
|
0-0: Fly out, F6 (Flyball, 5D, EV 98.1 MPH)
|
Batting: LHB Lee Pruitt
|
0-0: Called Strike 0-1: Swinging Strike 0-2: Ball 1-2: Foul Ball, location: 2F 1-2: DOUBLE (Flyball, 8RXD, EV 99.4 MPH)
|
Batting: RHB Jack Clark
|
0-0: SINGLE (Groundball, 25, EV 69.4 MPH) (infield hit) Lee Pruitt to third
|
Batting: LHB Jerold Johnston
|
0-0: Ball 1-0: Foul Ball, location: 2F 1-1: Ball 2-1: Ball 3-1: Foul Ball, location: 2F 3-2: Foul Ball, location: 2F 3-2: Foul Ball, location: 2F 3-2: Foul Ball, location: 2F 3-2: Foul Ball, location: 2F 3-2: Fly out, F8 (Line Drive, 8LD, EV 91.9 MPH) Runner from 3rd tags up, SCORES, no throw by CF
|
Batting: RHB Andrew Walker
|
0-0: Foul Ball, location: 2F 0-1: Swinging Strike 0-2: Ball 1-2: Foul Ball, location: 2F 1-2: Foul Ball, location: 2F 1-2: Ball 2-2: Strikes out swinging
|
Top of the 2nd over - 1 run, 2 hits, 0 errors, 1 left on base; San Antonio 1 - Arkansas 2 |
BOTTOM OF THE 2ND |
Arkansas Travelers batting - Pitching for San Antonio Missions : RHP Gordon Crane
|
Batting: LHB Jesus Marinez
|
0-0: Called Strike 0-1: Ball 1-1: Ground out 6-3 (Groundball, 6, EV 80.6 MPH)
|
Batting: RHB Greg Gagne
|
0-0: Ground out 2-3 (Groundball, 2L, EV 62.5 MPH)
|
Batting: RHB Alex Duarte
|
0-0: DOUBLE (Flyball, 8RXD, EV 89.4 MPH)
|
Batting: RHB Randy Milligan
|
0-0: Ball 1-0: 2-RUN HOME RUN (Flyball, 8RXD, EV 92.5 MPH), Distance : 440 ft
|
Batting: RHB Denny Gonzalez
|
0-0: Foul Ball, location: 2F 0-1: Ball 1-1: Foul Ball, location: 2F 1-2: Fly out, F8 (Line Drive, 8LM, EV 86.3 MPH)
|
Bottom of the 2nd over - 2 runs, 2 hits, 0 errors, 0 left on base; San Antonio 1 - Arkansas 4 |
TOP OF THE 3RD |
San Antonio Missions batting - Pitching for Arkansas Travelers : RHP Donald Brazell
|
Batting: RHB Archie Amerson
|
0-0: DOUBLE (Flyball, 8RXD, EV 103.8 MPH)
|
Batting: RHB Amos Lewis
|
0-0: Ball 1-0: Foul Ball, location: 2F 1-1: Swinging Strike 1-2: Ball 2-2: Fly out, F6 (Popup, 6MS, EV 68.8 MPH)
|
Batting: RHB Ivan Calderon
|
0-0: Called Strike 0-1: Foul Ball, location: 2F 0-2: Ball 1-2: Foul Ball, location: 2F 1-2: Strikes out swinging
|
Batting: RHB Ed Hearn
|
0-0: 2-RUN HOME RUN (Flyball, 78XD, EV 88.8 MPH), Distance : 405 ft
|
Batting: RHB Larry Hamilton
|
0-0: Ball 1-0: Ball 2-0: Foul Ball, location: 2F 2-1: Ground out 4-3 (Groundball, 4, EV 86.3 MPH)
|
Top of the 3rd over - 2 runs, 2 hits, 0 errors, 0 left on base; San Antonio 3 - Arkansas 4 |
BOTTOM OF THE 3RD |
Arkansas Travelers batting - Pitching for San Antonio Missions : RHP Gordon Crane
|
Batting: SHB Bobby Bonilla
|
0-0: Fly out, F8 (Flyball, 8LXD, EV 103.1 MPH)
|
Batting: LHB Phil Stephenson
|
0-0: Foul Ball, location: 2F 0-1: Ball 1-1: Fly out, F4 (Line Drive, 4, EV 70.6 MPH)
|
Batting: LHB Dave Magadan
|
0-0: Ball 1-0: Ball 2-0: SINGLE (Flyball, 8RS, EV 92.5 MPH)
|
Batting: RHB Michael Strawberry
|
0-0: Called Strike 0-1: Ball 1-1: Foul Ball, location: 2F 1-2: SINGLE (Groundball, 6MD, EV 108.1 MPH) Dave Magadan to second Runner from 2nd tries for 3rd, SAFE, no throw by CF
|
Batting: LHB Jesus Marinez
|
0-0: Ball 1-0: Called Strike 1-1: Called Strike 1-2: SINGLE (Groundball, 4D, EV 98.1 MPH) Dave Magadan scores Michael Strawberry to second Runner from 2nd tries for 3rd, SAFE, no throw by CF
|
Batting: RHB Greg Gagne
|
0-0: Called Strike 0-1: Fielders Choice at 2nd, 5-4 (Groundball, 56, EV 88.8 MPH)
|
Bottom of the 3rd over - 1 run, 3 hits, 0 errors, 2 left on base; San Antonio 3 - Arkansas 5 |
TOP OF THE 4TH |
San Antonio Missions batting - Pitching for Arkansas Travelers : RHP Donald Brazell
|
Batting: LHB Lee Pruitt
|
0-0: Ball 1-0: Ball 2-0: Swinging Strike 2-1: Swinging Strike 2-2: Foul Ball, location: 2F 2-2: Foul Ball, location: 2F 2-2: Ball 3-2: Foul Ball, location: 2F 3-2: Fly out, F7 (Flyball, 7, EV 71.9 MPH)
|
Batting: RHB Jack Clark
|
0-0: Called Strike 0-1: Ball 1-1: Ball 2-1: Reached on error, E5 (Groundball, 56S, EV 71.3 MPH)
|
Batting: LHB Jerold Johnston
|
0-0: Fly out, F9 (Flyball, 9, EV 77.5 MPH)
|
Batting: RHB Andrew Walker
|
0-0: Called Strike 0-1: Swinging Strike 0-2: Strikes out looking
|
Top of the 4th over - 0 runs, 0 hits, 1 error, 1 left on base; San Antonio 3 - Arkansas 5 |
BOTTOM OF THE 4TH |
Arkansas Travelers batting - Pitching for San Antonio Missions : RHP Gordon Crane
|
Batting: RHB Alex Duarte
|
0-0: Ball 1-0: SINGLE (Flyball, 8LS, EV 97.5 MPH)
|
Batting: RHB Randy Milligan
|
0-0: Foul Ball, location: 2F 0-1: Fly out, F6 (Flyball, 6MD, EV 89.4 MPH)
|
Batting: RHB Denny Gonzalez
|
0-0: Ball 1-0: Called Strike 1-1: Ball 2-1: Fly out, F7 (Flyball, 7S, EV 93.1 MPH)
|
Batting: SHB Bobby Bonilla
|
0-0: Swinging Strike 0-1: Ball 1-1: Called Strike 1-2: Ball 2-2: Ball 3-2: Fly out, F7 (Line Drive, 7D, EV 90.0 MPH)
|
Bottom of the 4th over - 0 runs, 1 hit, 0 errors, 1 left on base; San Antonio 3 - Arkansas 5 |
TOP OF THE 5TH |
San Antonio Missions batting - Pitching for Arkansas Travelers : RHP Donald Brazell
|
Batting: RHB Archie Amerson
|
0-0: Ball 1-0: Ball 2-0: Foul Ball, location: 2F 2-1: SINGLE (Flyball, 89S, EV 93.1 MPH)
|
Batting: RHB Amos Lewis
|
0-0: TRIPLE (Line Drive, 8LXD, EV 106.3 MPH) Archie Amerson scores
|
Batting: RHB Ivan Calderon
|
0-0: Ball 1-0: Fly out, F7 (Line Drive, 7S, EV 87.5 MPH)
|
Batting: RHB Ed Hearn
|
0-0: Ball 1-0: Ball 2-0: Foul Ball, location: 2F 2-1: DOUBLE (Line Drive, 89D, EV 103.8 MPH) Amos Lewis scores
|
Batting: RHB Larry Hamilton
|
0-0: Ball 1-0: Ball 2-0: Ball 3-0: Called Strike 3-1: Base on Balls
|
Batting: LHB Lee Pruitt
|
0-0: Called Strike 0-1: Swinging Strike 0-2: Foul Ball, location: 2F 0-2: 3-RUN HOME RUN (Flyball, 9D, EV 99.4 MPH), Distance : 372 ft
|
Pitching: LHP Kevin Joyce
|
|
Batting: RHB Jack Clark
|
0-0: Called Strike 0-1: Swinging Strike 0-2: Strikes out swinging
|
Batting: LHB Jerold Johnston
|
0-0: Swinging Strike 0-1: Called Strike 0-2: Fly out, F9 (Flyball, 9S, EV 84.4 MPH)
|
Top of the 5th over - 5 runs, 4 hits, 0 errors, 0 left on base; San Antonio 8 - Arkansas 5 |
BOTTOM OF THE 5TH |
Arkansas Travelers batting - Pitching for San Antonio Missions : RHP Gordon Crane
|
Batting: LHB Phil Stephenson
|
0-0: Ball 1-0: Foul Ball, location: 2F 1-1: SINGLE (Line Drive, 8LM, EV 102.5 MPH)
|
Batting: LHB Dave Magadan
|
0-0: Ball 1-0: Ball 2-0: Ball 3-0: Base on Balls Phil Stephenson to second
|
Batting: RHB Michael Strawberry
|
0-0: Swinging Strike 0-1: Bunted foul 0-2: Grounds into double play, 6-4-3 (Groundball, 6, EV 99.4 MPH) Phil Stephenson to third
|
Batting: LHB Jesus Marinez
|
0-0: Ball 1-0: Called Strike 1-1: Ground out 1-3 (Groundball, 34S, EV 68.8 MPH)
|
Bottom of the 5th over - 0 runs, 1 hit, 0 errors, 1 left on base; San Antonio 8 - Arkansas 5 |
TOP OF THE 6TH |
San Antonio Missions batting - Pitching for Arkansas Travelers : LHP Kevin Joyce
|
Batting: RHB Andrew Walker
|
0-0: Foul Ball, location: 2F 0-1: Called Strike 0-2: Strikes out swinging
|
Batting: RHB Archie Amerson
|
0-0: Called Strike 0-1: Called Strike 0-2: Ball 1-2: Ball 2-2: Strikes out swinging
|
Batting: RHB Amos Lewis
|
0-0: Foul Ball, location: 2F 0-1: Foul Ball, location: 2F 0-2: Strikes out swinging
|
Top of the 6th over - 0 runs, 0 hits, 0 errors, 0 left on base; San Antonio 8 - Arkansas 5 |
BOTTOM OF THE 6TH |
Arkansas Travelers batting - Pitching for San Antonio Missions : RHP Gordon Crane
|
Batting: RHB Greg Gagne
|
0-0: Called Strike 0-1: Ground out 5-3 (Groundball, 5, EV 83.8 MPH)
|
Batting: RHB Alex Duarte
|
0-0: Ball 1-0: Swinging Strike 1-1: Ground out 5-3 (Groundball, 56, EV 87.5 MPH)
|
Batting: RHB Randy Milligan
|
0-0: Ball 1-0: Ball 2-0: Ball 3-0: Base on Balls
|
Batting: RHB Denny Gonzalez
|
0-0: Called Strike 0-1: Ball 1-1: DOUBLE (Flyball, 78XD, EV 103.8 MPH) Randy Milligan to third Runner from 3rd tries for Home, SAFE, no throw by CF
|
Pitching: RHP John Leavitt
|
|
Batting: SHB Bobby Bonilla
|
0-0: Called Strike 0-1: Foul Ball, location: 2F 0-2: Ball 1-2: Ball 2-2: Ball 3-2: Foul Ball, location: 2F 3-2: Foul Ball, location: 2F 3-2: Base on Balls
|
Batting: LHB Phil Stephenson
|
0-0: Ball 1-0: Ball 2-0: Foul Ball, location: 2F 2-1: Fly out, F8 (Flyball, 8LS, EV 86.9 MPH)
|
Bottom of the 6th over - 1 run, 1 hit, 0 errors, 2 left on base; San Antonio 8 - Arkansas 6 |
TOP OF THE 7TH |
San Antonio Missions batting - Pitching for Arkansas Travelers : LHP Kevin Joyce
|
Batting: RHB Ivan Calderon
|
0-0: Called Strike 0-1: Foul Ball, location: 2F 0-2: Foul Ball, location: 2F 0-2: Ball 1-2: Ball 2-2: Ball 3-2: Foul Ball, location: 2F 3-2: Foul Ball, location: 2F 3-2: Foul Ball, location: 2F 3-2: Foul Ball, location: 2F 3-2: Ground out 5-3 (Groundball, 56, EV 107.5 MPH)
|
Batting: RHB Ed Hearn
|
0-0: Ball 1-0: Swinging Strike 1-1: Swinging Strike 1-2: Ball 2-2: Foul Ball, location: 2F 2-2: Ball 3-2: Strikes out swinging
|
Batting: RHB Larry Hamilton
|
0-0: Called Strike 0-1: Ball 1-1: Called Strike 1-2: Ball 2-2: Strikes out swinging
|
Top of the 7th over - 0 runs, 0 hits, 0 errors, 0 left on base; San Antonio 8 - Arkansas 6 |
BOTTOM OF THE 7TH |
Arkansas Travelers batting - Pitching for San Antonio Missions : RHP John Leavitt
|
Batting: LHB Dave Magadan
|
0-0: Ball 1-0: Called Strike 1-1: Ball 2-1: Ball 3-1: Base on Balls
|
Batting: RHB Michael Strawberry
|
0-0: Swinging Strike 0-1: Ball 1-1: Sac Bunt to P - play at first, batter OUT! 1-3 Dave Magadan to second
|
Batting: LHB Jesus Marinez
|
0-0: Ball 1-0: Called Strike 1-1: Ball 2-1: Foul Ball, location: 2F 2-2: Ground out 5-3 (Groundball, 56, EV 80.6 MPH)
|
Batting: RHB Greg Gagne
|
0-0: Ball 1-0: Ball 2-0: Ball 3-0: Called Strike 3-1: Base on Balls
|
Pinch Hitting: LHB Terry Byrum
|
0-0: Called Strike 0-1: Ball 1-1: SINGLE (Line Drive, 9S, EV 108.1 MPH) Dave Magadan to third Greg Gagne to second Runner from 3rd tries for Home, SAFE, throw by RF to home
|
Batting: RHB Randy Milligan
|
0-0: Called Strike 0-1: Called Strike 0-2: Ball 1-2: Ball 2-2: Foul Ball, location: 2F 2-2: Ball 3-2: SINGLE (Flyball, 3D, EV 85.0 MPH) Greg Gagne to third Terry Byrum to second Greg Gagne scores Terry Byrum to third
|
Pitching: RHP Robert Rudi
|
|
Batting: RHB Denny Gonzalez
|
0-0: Foul Ball, location: 2F 0-1: Swinging Strike 0-2: Foul Ball, location: 2F 0-2: Ball Randy Milligan steals 2nd base 1-2: Ball 2-2: Foul Ball, location: 2F 2-2: Ball 3-2: Foul Ball, location: 2F 3-2: Base on Balls
|
Batting: SHB Bobby Bonilla
|
0-0: Ground out 4-3 (Groundball, 4, EV 102.5 MPH)
|
Bottom of the 7th over - 2 runs, 2 hits, 0 errors, 3 left on base; San Antonio 8 - Arkansas 8 |
TOP OF THE 8TH |
San Antonio Missions batting - Pitching for Arkansas Travelers : LHP Kevin Joyce
|
Now in RF: Terry Byrum
|
|
Batting: LHB Lee Pruitt
|
0-0: Ball 1-0: Ball 2-0: Ball 3-0: Base on Balls
|
Pitching: LHP Jeff Schneider
|
|
Pinch Runner at 1st Jose Moreno:
|
|
Batting: RHB Jack Clark
|
0-0: Swinging Strike 0-1: Ball 1-1: Called Strike 1-2: Strikes out looking
|
Batting: LHB Jerold Johnston
|
0-0: Swinging Strike 0-1: Called Strike 0-2: Ball 1-2: Ball 2-2: Fielders Choice at 2nd, 4-6 (Groundball, 4, EV 85.6 MPH)
|
Batting: RHB Andrew Walker
|
0-0: SINGLE (Line Drive, 78S, EV 89.4 MPH) Jerold Johnston to second
|
Batting: RHB Archie Amerson
|
0-0: Fly out, F8 (Flyball, 89M, EV 87.5 MPH)
|
Top of the 8th over - 0 runs, 1 hit, 0 errors, 2 left on base; San Antonio 8 - Arkansas 8 |
BOTTOM OF THE 8TH |
Arkansas Travelers batting - Pitching for San Antonio Missions : RHP Robert Rudi
|
Batting: LHB Phil Stephenson
|
0-0: Ball 1-0: Ball 2-0: Ball 3-0: Called Strike 3-1: Base on Balls
|
Batting: LHB Dave Magadan
|
0-0: Called Strike 0-1: Ball 1-1: Foul Ball, location: 2F 1-2: Ball 2-2: Ball 3-2: Foul Ball, location: 2F 3-2: Fly out, F7 (Flyball, 7LS, EV 93.8 MPH)
|
Batting: RHB Michael Strawberry
|
0-0: Ball 1-0: Bunted foul 1-1: Sac Bunt to 15 - play at first, batter OUT! 1-4 Phil Stephenson to second
|
Batting: LHB Jesus Marinez
|
0-0: Ball 1-0: SINGLE (Groundball, 34D, EV 95.6 MPH) Phil Stephenson to third Runner from 3rd tries for Home, SAFE, throw by RF to home Jesus Marinez to second
|
Now in CF: Steven Fortune
|
|
Batting: RHB Greg Gagne
|
0-0: Ball 1-0: Ball 2-0: Foul Ball, location: 2F 2-1: Ball 3-1: Foul Ball, location: 2F 3-2: Ground out 5-3 (Groundball, 5, EV 91.9 MPH)
|
Bottom of the 8th over - 1 run, 1 hit, 0 errors, 1 left on base; San Antonio 8 - Arkansas 9 |
TOP OF THE 9TH |
San Antonio Missions batting - Pitching for Arkansas Travelers : LHP Jeff Schneider
|
Pitching: LHP Claude Brodeur
|
|
Batting: RHB Amos Lewis
|
0-0: Called Strike 0-1: Ball 1-1: SOLO HOME RUN (Flyball, 7D, EV 98.1 MPH), Distance : 378 ft
|
Batting: RHB Ivan Calderon
|
0-0: Ball 1-0: Ball 2-0: Ball 3-0: Called Strike 3-1: Base on Balls
|
Batting: RHB Ed Hearn
|
Pickoff Throw to First - Out! 1-3 0-0: Ball 1-0: Ball 2-0: Ground out 5-3 (Groundball, 56S, EV 79.4 MPH)
|
Batting: RHB Larry Hamilton
|
0-0: Called Strike 0-1: Foul Ball, location: 2F 0-2: Foul Ball, location: 2F 0-2: Ball 1-2: Ball 2-2: Ball 3-2: Ground out 5-3 (Groundball, 56S, EV 66.3 MPH)
|
Top of the 9th over - 1 run, 1 hit, 0 errors, 0 left on base; San Antonio 9 - Arkansas 9 |
BOTTOM OF THE 9TH |
Arkansas Travelers batting - Pitching for San Antonio Missions : RHP Robert Rudi
|
Batting: LHB Terry Byrum
|
0-0: Ball 1-0: Called Strike 1-1: Fly out, F7 (Flyball, 78S, EV 90.6 MPH)
|
Batting: RHB Randy Milligan
|
0-0: Called Strike 0-1: Foul Ball, location: 2F 0-2: Strikes out swinging
|
Batting: RHB Denny Gonzalez
|
0-0: Fly out, F7 (Flyball, 7LM, EV 83.8 MPH)
|
Bottom of the 9th over - 0 runs, 0 hits, 0 errors, 0 left on base; San Antonio 9 - Arkansas 9 |
TOP OF THE 10TH |
San Antonio Missions batting - Pitching for Arkansas Travelers : LHP Claude Brodeur
|
Batting: SHB Jose Moreno
|
0-0: Called Strike 0-1: Ball 1-1: Swinging Strike 1-2: Ball 2-2: Ball 3-2: Strikes out swinging
|
Batting: LHB Steven Fortune
|
0-0: Ball 1-0: Foul Ball, location: 2F 1-1: Swinging Strike 1-2: Strikes out swinging
|
Batting: LHB Jerold Johnston
|
0-0: Fly out, F7 (Flyball, 7LD, EV 96.9 MPH)
|
Top of the 10th over - 0 runs, 0 hits, 0 errors, 0 left on base; San Antonio 9 - Arkansas 9 |
BOTTOM OF THE 10TH |
Arkansas Travelers batting - Pitching for San Antonio Missions : RHP Robert Rudi
|
Pitching: RHP James Herring
|
|
Batting: SHB Bobby Bonilla
|
0-0: Ball 1-0: Called Strike 1-1: Swinging Strike 1-2: Foul Ball, location: 2F 1-2: Fly out, F8 (Flyball, 8RM, EV 91.3 MPH)
|
Batting: LHB Phil Stephenson
|
0-0: Ball 1-0: Called Strike 1-1: Swinging Strike 1-2: Foul Ball, location: 2F 1-2: Ball 2-2: Strikes out swinging, 2-3 out at first.
|
Batting: LHB Dave Magadan
|
0-0: Ball 1-0: Fly out, F8 (Flyball, 8LS, EV 75.0 MPH)
|
Bottom of the 10th over - 0 runs, 0 hits, 0 errors, 0 left on base; San Antonio 9 - Arkansas 9 |
TOP OF THE 11TH |
San Antonio Missions batting - Pitching for Arkansas Travelers : LHP Claude Brodeur
|
Pitching: RHP Vittore Fachinetti
|
|
Batting: RHB Andrew Walker
|
0-0: Ball 1-0: Swinging Strike 1-1: Called Strike 1-2: Ball 2-2: Ball 3-2: Strikes out swinging, 2-3 out at first.
|
Batting: RHB Archie Amerson
|
0-0: Called Strike 0-1: Swinging Strike 0-2: Strikes out swinging
|
Batting: RHB Amos Lewis
|
0-0: Ball 1-0: Ball 2-0: Ball 3-0: Base on Balls
|
Batting: RHB Ivan Calderon
|
0-0: Foul Ball, location: 2F 0-1: Ball 1-1: Swinging Strike Passed Ball! Amos Lewis to second 1-2: Strikes out swinging
|
Top of the 11th over - 0 runs, 0 hits, 0 errors, 1 left on base; San Antonio 9 - Arkansas 9 |
BOTTOM OF THE 11TH |
Arkansas Travelers batting - Pitching for San Antonio Missions : RHP James Herring
|
Batting: RHB Michael Strawberry
|
0-0: Ball 1-0: Ball 2-0: Ball 3-0: Base on Balls
|
Batting: LHB Jesus Marinez
|
0-0: Ball Michael Strawberry steals 2nd base 1-0: Ball 2-0: Ball 3-0: Called Strike 3-1: Base on Balls
|
Pinch Hitting: SHB Bob Meacham
|
0-0: Bunted foul 0-1: Ball 1-1: Bunt missed! 1-2: Foul Ball, location: 2F 1-2: Foul Ball, location: 2F 1-2: Ball 2-2: Fly out, F7 (Flyball, 7D, EV 98.8 MPH) Runner from 2nd tags up, SAFE at 3rd with throw by LF
|
Batting: LHB Terry Byrum
|
0-0: Ball 1-0: Called Strike 1-1: Foul Ball, location: 2F 1-2: Strikes out looking
|
Batting: RHB Randy Milligan
|
0-0: Foul Ball, location: 2F 0-1: Ball 1-1: Ball 2-1: Swinging Strike 2-2: Foul Ball, location: 2F 2-2: Ground out 1-3 (Groundball, 13, EV 66.9 MPH)
|
Bottom of the 11th over - 0 runs, 0 hits, 0 errors, 2 left on base; San Antonio 9 - Arkansas 9 |
TOP OF THE 12TH |
San Antonio Missions batting - Pitching for Arkansas Travelers : RHP Vittore Fachinetti
|
Now at 3B: Bob Meacham
|
|
Batting: RHB Ed Hearn
|
0-0: Ground out 3-1 (Groundball, 34, EV 104.4 MPH)
|
Batting: RHB Larry Hamilton
|
0-0: Called Strike 0-1: Ground out 4-3 (Groundball, 4S, EV 88.8 MPH)
|
Batting: SHB Jose Moreno
|
0-0: Ball 1-0: Ball 2-0: Ball 3-0: Called Strike 3-1: Swinging Strike 3-2: Strikes out swinging
|
Top of the 12th over - 0 runs, 0 hits, 0 errors, 0 left on base; San Antonio 9 - Arkansas 9 |
BOTTOM OF THE 12TH |
Arkansas Travelers batting - Pitching for San Antonio Missions : RHP James Herring
|
Batting: RHB Denny Gonzalez
|
0-0: Ball 1-0: Fly out, F8 (Line Drive, 8LD, EV 105.0 MPH)
|
Batting: SHB Bobby Bonilla
|
0-0: Ball 1-0: Ball 2-0: SOLO HOME RUN (Flyball, 78XD, EV 93.1 MPH), Distance : 418 ft
|
Bottom of the 12th over - 1 run, 1 hit, 0 errors, 0 left on base; San Antonio 9 - Arkansas 10 |
|